AoeStats
← Hypno

Arena

507400478Analyzed
4v4 RM · 15d ago on Sep 18, 2026· 48m 15s· 8 players
Game mode
Random Map
Map size
Large (8 player)
Population
200
Speed
Normal
Resources
Standard
Victory
Conquest
Starting age
Dark Age
Ending age
Imperial Age
RankedLock teamsTeams togetherTeam positionsShared explorationLock speedFull tech treeHidden civsTurbo modeCheats
Victory
Defeat
🇵🇪 Cumans · Peru
1572
+11
🇲🇽 Turks · Mexico
1564
+11
🇲🇽 Cumans · Mexico
1416
+17
🇵🇪 Spanish · Peru
1388
+18
🇵🇪 Maya · Peru
1466
-15
🇲🇽 Britons · Mexico
1459
-15
🇦🇺 Poles · Australia
1429
-14
🇺🇸 Cumans · United States
1422
-13
sgt peppers s
10:30 Feudal Age
15:08 Castle Age
14:51 Fletching
15:52 Crossbowman
16:54 Loom
19:10 Double-Bit Axe
19:13 Horse Collar
21:00 Padded Archer Armor
38:12 Heavy Plow
38:27 Bow Saw
39:02 Gold Mining
39:54 Wheelbarrow
40:18 Gold Shaft Mining
44:06 Ballistics
44:11 Hand Cart
47:58 Imperial Age
pinneda
7:01 Loom
8:59 Feudal Age
9:31 Double-Bit Axe
9:30 Horse Collar
9:39 Loom
11:33 Wheelbarrow
21:22 Castle Age
19:46 Scale Barding Armor
20:40 Bloodlines
21:53 Forging
21:37 Gold Mining
21:24 Capped Ram
24:48 Chain Barding Armor
28:59 Iron Casting
32:19 Gold Shaft Mining
34:56 Hand Cart
38:01 Imperial Age
38:04 Cavalier
39:22 Plate Barding Armor
39:51 Light Cavalry
41:55 Blast Furnace
Josephine Explosiphine
9:44 Feudal Age
13:30 Castle Age
12:16 Horse Collar
12:44 Double-Bit Axe
14:28 Bow Saw
16:43 Heavy Plow
21:00 Gold Mining
21:21 Forging
22:05 Wheelbarrow
21:57 Scale Barding Armor
23:27 Hand Cart
24:10 Iron Casting
23:56 Chain Barding Armor
25:09 Szlachta Privileges
25:40 Bloodlines
25:31 Husbandry
25:20 Loom
29:19 Imperial Age
30:03 Chain Barding Armor
29:31 Cavalier
30:42 Conscription
31:29 Blast Furnace
30:32 Cavalier
33:10 Crop Rotation
33:50 Stone Mining
39:18 Stone Shaft Mining
41:58 Fletching
43:11 Chemistry
41:52 Treadmill Crane
42:23 Masonry
44:59 Fortified Wall
44:46 Bodkin Arrow
45:23 Capped Ram
46:41 Ballistics
46:17 Murder Holes
46:26 Bracer
ACN_Mk
0:27 Loom
10:08 Feudal Age
14:29 Castle Age
12:56 Double-Bit Axe
13:15 Horse Collar
16:32 Town Watch
19:25 Bow Saw
21:33 Ballistics
21:34 Heavy Plow
23:25 Wheelbarrow
22:25 Pikeman
26:28 Stone Mining
27:47 Hand Cart
28:08 Stone Shaft Mining
29:18 Gold Mining
31:25 Fortified Wall
32:08 Sanctity
31:54 Squires
31:56 Scale Mail Armor
35:17 Imperial Age
33:20 Chain Mail Armor
34:54 Masonry
34:36 Fletching
35:38 Bodkin Arrow
35:20 Elite Plumed Archer
36:21 Conscription
37:07 Chemistry
36:22 Padded Archer Armor
36:59 Bracer
38:02 Leather Archer Armor
38:18 Plate Mail Armor
37:59 Forging
39:40 Ring Archer Armor
39:44 Architecture
38:41 Halberdier
39:38 Hul'che Javelineers
40:47 Iron Casting
41:22 Two-Man Saw
41:04 Elite Skirmisher
41:50 Thumb Ring
43:11 Blast Furnace
48:07 Holcans
47:25 Eagle Warrior
The_ Rock
8:32 Feudal Age
9:16 Double-Bit Axe
10:16 Horse Collar
15:20 Wheelbarrow
20:46 Castle Age
19:00 Gold Mining
19:17 Scale Barding Armor
19:37 Forging
21:48 Chain Barding Armor
22:12 Bloodlines
24:10 Iron Casting
27:36 Bow Saw
28:58 Loom
29:30 Hand Cart
32:38 Imperial Age
31:32 Gold Shaft Mining
35:29 Blast Furnace
35:05 Plate Barding Armor
33:52 Elite Steppe Lancer
34:35 Steppe Husbandry
39:11 Conscription
44:03 Heavy Plow
45:53 Caravan
46:25 Coinage
HD_Chuberto
10:40 Feudal Age
14:35 Castle Age
16:03 Double-Bit Axe
19:33 Loom
20:02 Padded Archer Armor
25:08 Wheelbarrow
24:18 Horse Collar
24:50 Bow Saw
26:51 Leather Archer Armor
29:18 Husbandry
33:50 Bloodlines
33:55 Fortified Wall
33:40 Gold Mining
39:03 Imperial Age
38:14 Stone Mining
40:20 Conscription
40:55 Elite Conquistador
45:19 Ring Archer Armor
46:11 Chemistry
Hypno
11:46 Feudal Age
15:29 Castle Age
23:49 Double-Bit Axe
27:07 Bow Saw
26:39 Horse Collar
27:16 Gold Mining
31:14 Wheelbarrow
30:42 Heavy Plow
34:05 Imperial Age
32:32 Fletching
32:43 Padded Archer Armor
34:24 Bodkin Arrow
35:31 Sipahi
35:32 Conscription
35:15 Bracer
35:41 Bombard Tower
35:44 Ballistics
36:10 Parthian Tactics
35:51 Thumb Ring
36:57 Heavy Cavalry Archer
39:16 Leather Archer Armor
40:37 Guilds
41:14 Ring Archer Armor
42:02 Artillery
46:52 Treadmill Crane
JAKU
8:26 Feudal Age
9:11 Double-Bit Axe
9:55 Horse Collar
13:35 Loom
14:44 Loom
17:29 Wheelbarrow
20:27 Castle Age
19:25 Scale Barding Armor
19:19 Gold Mining
19:30 Loom
20:24 Forging
20:27 Bloodlines
20:05 Loom
21:23 Bow Saw
21:38 Heavy Plow
26:19 Iron Casting
26:29 Town Watch
28:07 Hand Cart
27:52 Town Patrol
28:33 Chain Barding Armor
32:16 Imperial Age
29:46 Capped Ram
31:18 Gold Shaft Mining
33:46 Plate Barding Armor
34:17 Blast Furnace
35:00 Two-Man Saw
34:30 Crop Rotation
36:38 Coinage
35:32 Elite Steppe Lancer
38:26 Scale Mail Armor
37:58 Siege Ram
39:34 Chain Mail Armor
38:41 Pikeman
39:22 Squires
38:59 Light Cavalry
40:58 Plate Mail Armor
40:49 Fletching
41:06 Hussar
42:07 Stone Mining
42:17 Bodkin Arrow
43:22 Banking
44:28 Steppe Husbandry
45:40 Conscription
Connection lost

Rejoining the realm…

Still unreachable

The connection could not be restored.

Session expired

The server has moved on; the page needs a fresh start.